 Dungeon Crawl Stone Soup version 0.20.0-15-g7f486f2 (webtiles) character file.

7036 Mesmaeker13 the Fighter (level 11, -4/101 HPs)
             Began as a Hill Orc Artificer on June 16, 2017.
             Was an Elder of the Shining One.
             Slain by a cyan ugly thing (16 damage)
             ... on level 11 of the Dungeon.
             The game lasted 00:29:15 (15324 turns).

Mesmaeker13 the Fighter (Hill Orc Artificer)       Turns: 15324, Time: 00:29:15

Health: -4/101     AC: 18    Str: 18    XL:     11   Next: 9%
Magic:  11/14      EV:  6    Int: 11    God:    the Shining One [****..]
Gold:   946        SH: 13    Dex: 12    Spells: 10/10 levels left

rFire    . . .     SeeInvis .   s - +0 trident
rCold    . . .     Gourm    .   z - +0 buckler
rNeg     + + .     Faith    .   g - +0 plate armour
rPois    .         Spirit   .   M - +0 helmet
rElec    .         Reflect  .   (no cloak)
rCorr    .         Harm     .   b - +0 pair of gloves
MR       .....                  G - +0 pair of boots
Stlth    ..........             (no amulet)
Regen    0.3/turn               (no ring)
MPRegen  0.2/turn               (no ring)

@: divine shield, hasted, glowing, very quick
A: no striking features
a: Divine Shield, Cleansing Flame, Renounce Religion


You were on level 11 of the Dungeon.
You worshipped the Shining One.
The Shining One was greatly pleased with you.
You were not hungry.

You visited 2 branches of the dungeon, and saw 12 of its levels.

You collected 946 gold pieces.

Inventory:

Hand Weapons
 a - a +1 glaive
 s - a +0 trident (weapon)
 F - a +0 blowgun
Missiles
 x - 3 curare-tipped needles
 I - 44 poisoned needles
Armour
 b - a +0 pair of gloves (worn)
 g - a +0 plate armour (worn)
 y - a +0 shield
 z - a +0 buckler (worn)
 B - a cursed +0 scale mail
 G - a +0 pair of boots (worn)
 M - a +0 helmet (worn)
Jewellery
 C - a cursed -2 ring of intelligence
Wands
 A - a wand of flame (13/48)
 K - a wand of confusion (23/48)
Scrolls
 e - a scroll of vulnerability {unknown}
 i - 4 scrolls of remove curse
 j - a scroll of teleportation
 m - 2 scrolls of magic mapping
 u - 2 scrolls of blinking
 w - a scroll of enchant armour {unknown}
 E - 2 scrolls of noise {unknown}
 L - a scroll of summoning {unknown}
 N - a scroll of immolation {unknown}
Potions
 k - a potion of cancellation {unknown}
 p - a potion of agility
 q - a potion of haste
 r - a potion of lignification {unknown}
 v - a potion of mutation {unknown}
Books
 H - a book of Cantrips

   Spells                             Type                      Level
   a - Confusing Touch                Hexes                        1
   b - Animate Skeleton               Necromancy                   1
   c - Summon Small Mammal            Summoning                    1
   d - Apportation                    Translocation                1
Comestibles
 f - 12 bread rations
 l - 5 meat rations
 n - 6 royal jellies
 J - 5 fruits


   Skills:
 + Level 10.5 Fighting
   Level 1.0 Short Blades
 + Level 9.3 Polearms
 + Level 9.7 Armour
 - Level 1.5 Dodging
 - Level 0.7 Stealth
 + Level 4.4 Shields
 + Level 4.4 Invocations
 - Level 5.0 Evocations


You had 10 spell levels left.
You didn't know any spells.

Dungeon Overview and Level Annotations

Branches:
Dungeon (11/15)            Temple (1/1) D:4
   Lair: D:8-11         Orc: D:9-12

Altars:
Ashenzari
Cheibriados
Dithmenos
Elyvilon
Fedhas
Gozag
Hepliaklqana
Kikubaaqudgha
Makhleb
Okawaru
Qazlal
Ru
Sif Muna
Trog
Uskayaw
Vehumet
Xom
Yredelemnul
Zin
The Shining One

Shops:
D:6 :


Message History

You feel yourself speed up.
The cyan ugly thing trunk-slaps you but does no damage.
You hit the cyan ugly thing but do no damage.
The cyan ugly thing trunk-slaps you!
* * * LOW HITPOINT WARNING * * *
The cyan ugly thing shocks you!
* * * LOW HITPOINT WARNING * * *
You hit the cyan ugly thing but do no damage.
You hit the cyan ugly thing.
The cyan ugly thing is lightly wounded.
The cyan ugly thing closely misses you.
You completely miss the cyan ugly thing.
The cyan ugly thing is lightly wounded.
The crimson imp shouts, "Out, out, thou unctious hell-hated beggar!"
You hit the cyan ugly thing.
The cyan ugly thing is lightly wounded.
The cyan ugly thing trunk-slaps you.
* * * LOW HITPOINT WARNING * * *
The cyan ugly thing shocks you!
You die...

#............
#............
#............
+............
#............
###5#########
#.# #u# #@#
#.....#
#####+#


You could see a cyan ugly thing and a crimson imp.

Vanquished Creatures
  Joseph (D:8)
  Grinder (D:4)
  A slime creature (D:10)
  7 yaks
  Menkaure (D:6)
  10 ogres
  A steam dragon (D:9)
  The ghost of esteth the Digger, an amateur GrEE (D:5)
  A water moccasin (D:6)
  2 black bears
  4 orc warriors
  2 ice beasts (D:5)
  A phantom (D:9)
  3 wolves (D:8)
  8 centaurs
  5 bullfrogs
  A wyvern zombie (D:7)
  A scorpion (D:9)
  A wyvern skeleton (D:9)
  A killer bee (D:10)
  A howler monkey (D:4)
  A bullfrog zombie (D:6)
  6 crimson imps
  2 centaur zombies
  3 quasits
  A centaur skeleton (D:5)
  3 hounds
  6 orc wizards
  5 orc priests
  2 jellies
  3 iguanas
  A statue (D:9)
  11 worker ants
  A killer bee zombie (D:9)
  2 hound zombies (D:7)
  A howler monkey zombie (D:7)
  12 adders
  8 gnolls
  A shadow imp (D:9)
  An ooze (D:2)
  3 adder skeletons
  2 worms
  2 dart slugs (D:1)
  3 leopard geckos
  34 orcs
  2 ball pythons
  2 giant cockroaches (D:1)
  12 goblins
  9 hobgoblins
  14 jackals
  12 kobolds
  4 quokkas
  9 bats
  5 frilled lizards
  A giant cockroach zombie (D:6)
  A goblin skeleton (D:8)
  2 hobgoblin zombies (D:8)
  2 kobold skeletons (D:8)
  A leopard gecko skeleton (D:8)
  A leopard gecko zombie (D:7)
  3 orc zombies (D:8)
  A quokka skeleton (D:7)
  6 rats
255 creatures vanquished.

Vanquished Creatures (collateral kills)
  A hound (D:4)
  2 orc priests (D:4)
  A bullfrog skeleton (D:4)
  A gnoll (D:2)
  3 orcs
  A bat (D:4)
9 creatures vanquished.

Vanquished Creatures (others)
  Grum (D:8)
  A wolf (D:8)
  A worker ant (D:8)
  2 orc wizards
  An orc (D:4)
  A bat (D:3)
7 creatures vanquished.

Grand Total: 271 creatures vanquished

Notes
Turn   | Place    | Note
-------+----------+-------------------------------------------
     0 | D:1      | Mesmaeker13 the Hill Orc Artificer began the quest for the Orb.
     0 | D:1      | Reached XP level 1. HP: 16/16 MP: 3/3
   230 | D:1      | Reached XP level 2. HP: 17/24 MP: 4/4
   370 | D:1      | Reached skill level 2 in Fighting
   555 | D:1      | Reached skill level 1 in Armour
   882 | D:2      | Reached XP level 3. HP: 22/29 MP: 5/5
  1490 | D:2      | Reached skill level 1 in Polearms
  1708 | D:2      | Reached XP level 4. HP: 33/37 MP: 6/6
  1757 | D:2      | Found an iron altar of Okawaru.
  1764 | D:2      | Found a shadowy altar of Dithmenos.
  2670 | D:3      | Reached XP level 5. HP: 34/44 MP: 6/8
  2756 | D:3      | Found a white marble altar of Elyvilon.
  3310 | D:3      | Reached skill level 3 in Fighting
  4031 | D:3      | Reached XP level 6. HP: 46/51 MP: 9/9
  4877 | D:4      | Reached skill level 4 in Fighting
  4916 | D:4      | Killed an ogre
  4916 | D:4      | Reached XP level 7. HP: 18/60 MP: 10/10
  5360 | D:4      | Found a staircase to the Ecumenical Temple.
  5366 | Temple   | Entered the Ecumenical Temple
  5427 | Temple   | Became a worshipper of the Shining One
  5582 | D:4      | Reached skill level 5 in Fighting
  5764 | D:5      | Entered Level 5 of the Dungeon
  5777 | D:5      | Reached skill level 5 in Evocations
  6076 | D:5      | Reached XP level 8. HP: 70/70 MP: 11/11
  6090 | D:5      | Reached skill level 5 in Armour
  6162 | D:5      | Noticed Grinder
  6184 | D:5      | Noticed esteth's ghost (amateur GrEE)
  6483 | D:4      | Paralysed by Grinder for 7 turns
  6503 | D:4      | Paralysed by Grinder for 4 turns
  6507 | D:4      | Killed Grinder
  6507 | D:4      | Reached skill level 6 in Fighting
  6507 | D:4      | Reached skill level 5 in Polearms
  6730 | D:5      | Killed esteth's ghost
  7244 | D:6      | Noticed a troll
  7653 | D:6      | Reached * piety under the Shining One
  7660 | D:6      | Reached skill level 7 in Fighting
  7786 | D:6      | Noticed Menkaure
  7797 | D:6      | Killed Menkaure
  7797 | D:6      | Reached XP level 9. HP: 42/79 MP: 12/12
  7980 | D:6      | Found a snail-covered altar of Cheibriados.
  8032 | D:6      | Found Vitaoc's Book Shoppe.
  9085 | D:7      | Reached skill level 8 in Fighting
  9686 | D:7      | Found a shattered altar of Ashenzari.
 10773 | D:7      | Reached ** piety under the Shining One
 10777 | D:7      | Reached skill level 9 in Fighting
 11168 | D:8      | Noticed Grum
 11182 | D:8      | Reached skill level 1 in Shields
 11182 | D:8      | Reached XP level 10. HP: 62/91 MP: 13/13
 11189 | D:8      | Your ally died
 11397 | D:8      | Noticed Joseph
 11455 | D:8      | Killed Joseph
 11805 | D:8      | Reached skill level 1 in Invocations
 12314 | D:8      | Found a glowing golden altar of the Shining One.
 12656 | D:8      | Reached *** piety under the Shining One
 12842 | D:9      | Found a hide-covered altar of Uskayaw.
 12988 | D:9      | Found a bloodstained altar of Trog.
 13041 | D:9      | Reached skill level 10 in Fighting
 13552 | D:9      | Found a radiant altar of Vehumet.
 14086 | D:9      | Found a hazy altar of Hepliaklqana.
 14739 | D:10     | Entered Level 10 of the Dungeon
 14821 | D:10     | Noticed a two-headed ogre
 14927 | D:10     | Reached **** piety under the Shining One
 14959 | D:10     | Reached XP level 11. HP: 76/101 MP: 14/14
 15078 | D:11     | Noticed a cyan ugly thing
 15324 | D:11     | Slain by a cyan ugly thing

Skill      XL: |  1  2  3  4  5  6  7  8  9 10 |
---------------+-------------------------------+-----
Fighting       | 2 3 4 5 7 9 10 | 10.5
Armour         | 1 2 3 4 6 8 9 |  9.7
Polearms       | 1 2 3 4 6 7 9 |  9.3
Evocations     | 4 5 |  5.0
Shields        | 1 4 |  4.4
Invocations    | 4 |  4.4
Short Blades   | |  1.0
Dodging        | |  1.5
Stealth        | |  0.7

Action                   |  1- 3 |  4- 6 |  7- 9 | 10-12 || total
-------------------------+-------+-------+-------+-------++-------
Melee: Short sword       |    45 |       |       |       ||    45
       Spear             |    87 |    55 |       |       ||   142
       Trident           |       |   168 |   479 |   526 ||  1173
Invok: Divine Shield     |       |       |       |     2 ||     2
Evoke: Wand              |     6 |    21 |    37 |    14 ||    78
  Use: Scroll            |       |     3 |     9 |     4 ||    16
       Potion            |       |     5 |     1 |     5 ||    11
 Stab: Sleeping          |     2 |     2 |       |       ||     4
       Distracted        |     1 |       |       |       ||     1
  Eat: Chunk             |     3 |     9 |    12 |    10 ||    34
       Bread ration      |       |       |     2 |     1 ||     3
Armor: Leather armour    |    40 |     9 |       |       ||    49
       Scale mail        |       |    24 |       |       ||    24
       Chain mail        |       |    52 |    20 |       ||    72
       Plate armour      |       |       |   234 |   249 ||   483
Dodge: Dodged            |    81 |    95 |   153 |    88 ||   417
Block: Buckler           |       |       |     2 |    75 ||    77
       Other             |       |       |       |     3 ||     3
